Map: Sludge City

Players

Rodegar

  • Race: Terran Terran
  • League: Gold
  • Spawn Location: 5:00

Rokushou

  • Race: Terran Terran
  • Spawn Location: 5:00

Grumm - Winner!

  • Race: Zerg Zerg
  • League: Gold
  • Spawn Location: 11:00

Rizzatori - Winner!

  • Race: Terran Terran
  • League: Silver
  • Spawn Location: 9:00

VOD

Have the link to the VOD?

Description

Time

  • Played on: Jan. 9, 2016, 4:44 p.m.
  • Length: 10:26
Show
View Real Time Build Order
Export as new Build Order

Rodegar Terran 

Build Orders: MMM Bio 

Get SALT Encoding   

  12  0:01  SCV  
  13  0:13  SCV  
  14  0:20  Supply Depot  
  14  0:25  SCV  
  15  0:42  SCV  
  16  0:44  Barracks  
  16  0:54  SCV  
  17  1:06  SCV  
  18  1:17  Command Center  
  18  1:25  SCV  
  19  1:34  Refinery, Marine  
  19  1:37  SCV  
  21  1:50  Orbital Command  
  21  1:57  Supply Depot, Marine  
  22  2:03  Refinery  
  22  2:11  Barracks  
  22  2:17  SCV  
  23  2:32  Marine  
  23  2:33  SCV  
  25  2:50  SCV  
  26  2:51  Factory  
  26  2:53  Bunker  
  26  2:59  Engineering Bay  
  26  3:00  Marine x2  
  26  3:04  Orbital Command  
  28  3:08  SCV  
  29  3:16  Supply Depot  
  29  3:20  SCV  
  29  3:21  Marine  
  31  3:28  Marine  
  31  3:34  SCV  
  33  3:42  Widow Mine  
  33  3:48  Missile Turret  
  35  3:49  Barracks Tech Lab, Marine  
  36  4:03  SCV  
  36  4:04  Refinery  
  36  4:05  Refinery  
  36  4:06  SCV  
  38  4:16  SCV  
  39  4:17  Command Center  
  39  4:18  SCV  
  40  4:26  Missile Turret  
  40  4:28  Widow Mine, SCV  
  43  4:32  SCV  
  43  4:34  Starport  
  44  4:40  Stimpack, SCV  
  44  4:44  SCV  
  46  4:47  Missile Turret  
  46  4:48  Missile Turret  
  46  4:52  SCV  
  47  4:53  Terran Infantry Weapons Level 1  
  47  4:56  SCV  
  48  5:08  Supply Depot, SCV  
  48  5:10  Widow Mine  
  48  5:14  Starport Reactor  
  51  5:15  Starport  
  51  5:16  Marine  
  51  5:17  Marine  
  51  5:21  SCV  
  54  5:29  Barracks  
  54  5:32  Orbital Command  
  54  5:33  SCV  
  54  5:35  Marauder  
  57  5:45  SCV  
  57  5:47  Marine  
  59  5:56  Marauder  
  61  6:05  Marine  
  61  6:07  Supply Depot  
  61  6:09  SCV  
  63  6:17  Missile Turret  
  63  6:18  Marauder, Viking x2  
  65  6:20  Viking  
  65  6:21  SCV  
  72  6:32  Missile Turret  
  72  6:33  SCV  
  72  6:36  Missile Turret, Marine  
  72  6:38  Supply Depot  
  72  6:39  Marauder  
  69  6:56  Refinery  
  69  6:58  Missile Turret  
  69  7:00  Marauder  
  71  7:03  SCV  
  71  7:07  Combat Shields  
  71  7:08  Factory Tech Lab  
  72  7:10  Starport Tech Lab  
  72  7:12  Fusion Core  
  72  7:15  SCV  
  73  7:16  Barracks Reactor  
  73  7:17  Supply Depot  
  73  7:19  Barracks Reactor  
  73  7:20  Starport  
  73  7:22  Marauder  
  75  7:25  SCV  
  75  7:27  SCV  
  75  7:29  Missile Turret  
  77  7:37  SCV  
  77  7:39  Supply Depot  
  77  7:43  Marine  
  79  7:49  Refinery, SCV  
  79  7:50  Raven  
  82  7:52  Siege Tank  
  82  7:56  Marine x2  
  82  7:57  SCV  
  88  8:01  Marauder, SCV  
  88  8:05  Missile Turret  
  91  8:06  Weapon Refit  
  91  8:10  SCV  
  92  8:13  SCV  
  92  8:19  Missile Turret  
  93  8:22  Marine  
  93  8:23  Supply Depot  
  93  8:25  Concussive Shells, SCV  
  95  8:27  Marine x2  
  95  8:31  Starport Tech Lab  
  95  8:33  Battlecruiser  
  103  8:38  SCV  
  103  8:39  SCV  
  103  8:40  Marauder  
  103  8:41  Missile Turret  
  107  8:46  Supply Depot  
  107  8:50  SCV  
  101  9:01  Supply Depot  
  101  9:02  Marauder  
  78  9:03  Marine x2  
  61  9:11  Marine x2  
  60  9:21  Marine  
  60  9:23  Marauder  
  63  9:25  Supply Depot  
  63  9:26  SCV  
  69  9:38  SCV  
  73  9:46  Marine x3  
  73  9:47  Barracks Tech Lab, Marine  
  72  9:59  Factory  
Show
View Real Time Build Order
Export as new Build Order

Rokushou Terran 

Build Orders: Command Center First (CC), MMM Bio 

Get SALT Encoding   

  12  0:01  SCV  
  13  0:17  Supply Depot  
  13  0:19  SCV  
  14  0:31  SCV  
  15  0:57  Command Center  
  15  1:00  SCV  
  16  1:12  SCV  
  16  1:17  Barracks  
  17  1:26  SCV  
  17  1:27  Supply Depot  
  18  1:33  Refinery  
  18  1:38  SCV  
  19  1:55  Barracks  
  19  1:57  SCV  
  19  1:59  Refinery  
  20  2:05  Marine  
  21  2:14  Engineering Bay  
  21  2:15  SCV  
  22  2:18  SCV  
  23  2:23  Marine  
  24  2:35  SCV  
  25  2:37  Barracks  
  25  2:43  Supply Depot  
  25  2:45  Barracks Tech Lab  
  25  3:01  SCV  
  25  3:02  Supply Depot  
  25  3:04  SCV  
  27  3:12  Refinery  
  27  3:13  SCV  
  27  3:18  Stimpack  
  28  3:21  Barracks Reactor  
  28  3:24  Barracks Reactor  
  28  3:35  Factory  
  28  3:37  Marine  
  28  3:40  SCV  
  30  3:45  SCV  
  31  3:52  SCV  
  32  3:58  SCV  
  33  4:04  SCV  
  33  4:09  Marine  
  34  4:10  Marine  
  34  4:11  Marauder, Marine x2  
  34  4:16  Orbital Command, SCV  
  41  4:19  Factory Tech Lab  
  41  4:23  Starport  
  41  4:31  SCV  
  42  4:33  Refinery  
  44  4:38  Marauder  
  44  4:39  Marine x2  
  44  4:43  SCV  
  44  4:44  Siege Tank  
  50  4:55  SCV  
  51  5:01  Starport Tech Lab  
  51  5:07  Factory  
  51  5:14  Marauder  
  51  5:15  Marine x4  
  51  5:19  Orbital Command  
  57  5:24  Siege Tank  
  57  5:26  Medivac  
  61  6:00  Factory Tech Lab  
  61  6:07  Viking  
  58  6:11  Marine x2  
  58  6:12  Marine  
  59  6:31  Missile Turret  
  58  6:34  Missile Turret  
  58  6:37  SCV  
  58  6:49  SCV  
  58  6:51  Marine x3  
  62  7:02  Starport  
  62  7:08  Supply Depot x3  
  62  7:09  Supply Depot  
  62  7:10  Terran Infantry Weapons Level 1  
  62  7:20  High Capacity Fuel Tanks  
  62  7:22  Combat Shields  
  62  7:29  SCV x2  
  64  7:41  SCV x2  
  64  7:43  Siege Tank  
  69  7:45  Missile Turret  
  69  7:50  Starport Reactor  
  69  7:53  SCV x2  
  69  7:54  Medivac  
  69  7:55  Marine x4  
  69  7:56  Marauder  
  79  8:05  SCV  
  80  8:16  Supply Depot  
  80  8:27  Missile Turret  
  80  8:41  Concussive Shells  
  80  9:06  Supply Depot  
  80  9:09  Armory  
  80  9:14  Marine x4  
  80  9:15  Marauder  
  51  9:38  Marine x2  
  51  9:39  Marine  
Show
View Real Time Build Order
Export as new Build Order

Grumm Zerg - Winner!

Build Orders: Pool First, Lurkers 

Get SALT Encoding   

  12  0:01  Drone  
  13  0:13  Drone  
  14  0:26  Spawning Pool  
  13  0:33  Drone  
  14  1:03  Drone, Hatchery  
  14  1:06  Overlord  
  14  1:16  Extractor  
  13  1:20  Extractor  
  13  1:22  Queen  
  14  1:28  Drone  
  15  1:33  Drone  
  15  1:37  Zergling x2  
  17  1:49  Drone  
  18  1:55  Zergling x2  
  19  2:03  Drone  
  20  2:19  Drone  
  20  2:20  Drone  
  22  2:31  Zergling x4  
  24  2:41  Drone x2  
  26  2:45  Queen  
  28  2:56  Lair  
  28  3:07  Overlord  
  28  3:08  Overlord  
  28  3:28  Drone  
  28  3:29  Drone x6  
  35  3:34  Spine Crawler  
  34  3:55  Hydralisk Den  
  33  3:59  Overlord  
  33  4:03  Drone  
  33  4:04  Drone x6  
  33  4:05  Drone  
  41  4:19  Hatchery  
  40  4:30  Hydralisk x3  
  46  4:33  Extractor  
  46  4:34  Extractor  
  46  4:35  Drone  
  46  4:37  Drone  
  46  4:38  Drone  
  47  4:44  Lurker Den  
  47  4:47  Metabolic Boost  
  47  4:58  Hydralisk x2  
  51  5:04  Drone  
  51  5:06  Overlord x2  
  52  5:07  Overlord  
  52  5:18  Overlord x2  
  52  5:26  Evolution Chamber  
  52  5:27  Evolution Chamber  
  50  5:29  Overseer  
  50  5:35  Hydralisk  
  50  5:36  Hydralisk x3  
  58  5:46  Burrow  
  58  5:50  Zergling x2  
  58  5:51  Zergling x12  
  58  5:55  Zerg Missile Weapons Level 1  
  64  5:58  Zerg Melee Weapons Level 1  
  64  6:13  Lurker x2  
  66  6:19  Zergling x20  
  76  6:44  Drone x2  
  76  6:45  Drone x6  
  84  6:49  Queen  
  86  7:04  Nydus Network  
  86  7:05  Hydralisk x4  
  93  7:17  Hydralisk x2  
  96  7:43  Lurker x2  
  98  8:17  Nydus Canal  
  98  8:32  Nydus Canal  
  94  8:42  Hydralisk  
  94  8:43  Hydralisk x2  
  94  8:45  Overlord x4  
  93  9:08  Zergling x2  
  93  9:09  Zergling x34  
  113  9:10  Zergling x10  
  113  9:16  Nydus Canal  
  95  9:45  Hydralisk x5  
  95  9:46  Hydralisk x4  
  103  10:06  Overlord  
  103  10:07  Overlord x2  
Show
View Real Time Build Order
Export as new Build Order

Rizzatori Terran - Winner!

Build Orders:  

Get SALT Encoding   

  12  0:01  SCV  
  13  0:14  SCV  
  14  0:25  Supply Depot  
  14  0:26  SCV  
  15  0:35  Supply Depot  
  15  0:41  Refinery  
  15  0:47  Refinery  
  15  1:02  SCV  
  16  1:05  Barracks  
  16  1:16  SCV  
  17  1:25  Supply Depot  
  17  1:28  SCV  
  18  1:53  Orbital Command  
  18  2:05  Factory  
  18  2:42  Engineering Bay  
  18  2:43  SCV  
  19  2:50  Factory Tech Lab  
  19  2:54  Starport  
  19  3:06  SCV  
  20  3:13  Sensor Tower  
  20  3:26  Siege Tank  
  23  3:30  SCV  
  24  3:42  SCV  
  25  3:53  Starport Reactor  
  25  3:54  SCV  
  26  3:56  Starport  
  26  4:06  SCV  
  26  4:09  Missile Turret  
  27  4:15  Liberator  
  27  4:16  Liberator  
  27  4:30  Siege Tank  
  30  4:34  Starport Reactor  
  36  4:38  SCV  
  36  4:42  Supply Depot  
  37  4:46  Supply Depot  
  37  4:50  SCV  
  38  5:02  SCV  
  38  5:05  Siege Tank  
  42  5:15  SCV  
  36  6:01  Liberator  
  36  6:02  Liberator x2  
  45  6:31  Liberator  
  42  6:50  SCV  
  40  7:02  SCV  
  40  7:08  Command Center  
  41  7:14  SCV  
  42  7:23  Refinery  
  42  7:26  Refinery, SCV  
  42  7:28  Supply Depot  
  43  7:32  Liberator x2  
  43  7:37  Command Center  
  43  7:39  SCV  
  43  7:40  Command Center  
  44  7:51  SCV  
  51  7:59  Liberator  
  51  8:03  SCV  
  52  8:15  SCV  
  56  8:21  Supply Depot  
  56  8:27  SCV  
  57  8:39  SCV  
  58  8:51  SCV  
  58  8:53  Liberator x2  
  59  8:58  Orbital Command  
  59  9:14  Supply Depot  
  59  9:16  SCV  
  66  9:21  Orbital Command  
  66  9:25  Liberator x2  
  66  9:28  SCV  
  67  9:33  Orbital Command  
Tags
 
Add a new tag
Caveats
  • Supply blocks, unpowered buildings, or Contaminate may cause inaccurate times.
  • Supply counts are checked every 10 seconds.